 Dungeon Crawl Stone Soup version 0.17-a0-1195-g0639cb0 (webtiles) character file.

7295 Kisielow the Thaumaturge (level 11, -2/55 HPs)
             Began as a Gargoyle Earth Elementalist on June 1, 2015.
             Was a Believer of Vehumet.
             Slain by a komodo dragon (16 damage)
             ... on level 1 of the Lair of Beasts on June 2, 2015.
             The game lasted 01:02:41 (16911 turns).

Kisielow the Thaumaturge (GrEE)                    Turns: 16911, Time: 01:02:43

Health: -2/55      AC: 14    Str: 13 (14) XL:     11   Next: 13%
Magic:  22/22      EV: 12    Int: 19      God:    Vehumet [**....]
Gold:   410        SH:  0    Dex:  8 (9)  Spells: 7 memorised, 8 levels left

rFire  . . .     SeeInvis .     E - +8 flail (holy)
rCold  . . .     Clarity  .     b - +0 robe
rNeg   + . .     SustAt   .     (no shield)
rPois  ∞         Gourm    +     (helmet restricted)
rElec  +         Spirit   .     x - +0 cloak {+Inv}
rCorr  .         Warding  .     y - +0 pair of gloves
rMut   .         Stasis   .     (no boots)
MR     .....                    s - amulet of the gourmand
Stlth  ++........               (no ring)
                                (no ring)

@: not resistant to hostile enchantments, unstealthy
A: big wings, hooves 1, horns 1, rough black scales 1, deformed body,
deterioration 1, frail 1, low mp 1, negative energy resistance 1, electricity
resistance, strong 1, unbreathing, petrification resistance, rot immunity,
subdued magic 1, AC +7
a: Fly, Renounce Religion, Evoke Invisibility


You were on level 1 of the Lair of Beasts.
You worshipped Vehumet.
Vehumet was pleased with you.
You were full.

You visited 3 branches of the dungeon, and saw 11 of its levels.
You also visited: Sewer.

You collected 410 gold pieces.

Inventory:

Hand weapons
 E - a +8 flail of holy wrath (weapon)
Missiles
 a - 159 stones (quivered)
Armour
 b - a +0 robe (worn)
 r - a +0 helmet
 x - a +0 cloak of invisibility (worn)
 y - a +0 pair of gloves (worn)
Jewellery
 o - an uncursed amulet of guardian spirit
 s - an amulet of the gourmand (around neck)
 C - an uncursed amulet of stasis
Magical devices
 q - a wand of confusion (45)
 t - a wand of confusion (21)
Scrolls
 e - 4 scrolls of teleportation
 h - a scroll of immolation
 m - 5 scrolls of remove curse
 n - 2 scrolls of fog
 v - a scroll of identify
 w - a scroll of blinking
 z - a scroll of noise
 F - a scroll of magic mapping
 H - a scroll of fear
Potions
 g - 3 potions of flight
 k - 6 potions of curing
 l - a potion of brilliance
 G - a potion of resistance
 I - a potion of ambrosia
 K - a potion of invisibility
Books
 c - a book of Geomancy

   Spells                             Type                      Level
   a - Sandblast                      Earth                        1
   b - Stoneskin                      Transmutation/Earth          2
   c - Passwall                       Transmutation/Earth          3
   d - Stone Arrow                    Conjuration/Earth            3
   e - Petrify                        Transmutation/Earth          4
   f - Lee's Rapid Deconstruction     Earth                        5
 p - a book of Fire

   Spells                             Type                      Level
   a - Ignite Poison                  Fire/Transmutation/Poison    3
   b - Fireball                       Conjuration/Fire             5
   c - Bolt of Fire                   Conjuration/Fire             6
   d - Delayed Fireball               Conjuration/Fire             7
   e - Ring of Flames                 Charms/Fire                  7
 B - a book of Ice

   Spells                             Type                      Level
   a - Ice Form                       Ice/Transmutation            4
   b - Metabolic Englaciation         Hexes/Ice                    5
   c - Ozocubu's Refrigeration        Ice                          6
   d - Bolt of Cold                   Conjuration/Ice              6
   e - Freezing Cloud                 Conjuration/Ice/Air          6
   f - Simulacrum                     Ice/Necromancy               6
Miscellaneous
 D - a fan of gales
Comestibles
 d - 6 bread rations
 i - a slice of pizza
 j - 5 beef jerkies
 u - 6 fruits
 A - 2 meat rations


   Skills:
 + Level 4.6 Fighting
 - Level 4.1 Maces & Flails
 - Level 3.8 Dodging
 - Level 2.1 Stealth
 - Level 9.6 Spellcasting
 + Level 7.5 Conjurations
 - Level 0.7 Transmutations
 * Level 2.0 Fire Magic
 + Level 9.4 Earth Magic
 - Level 3.4 Evocations


You had 8 spell levels left.
You knew the following spells:

 Your Spells              Type           Power        Failure   Level  Hunger
a - Sandblast             Erth           ####..       1%          1    None
b - Inner Flame           Hex/Fire       #.......     9%          3    None
c - Fireball              Conj/Fire      ###.......   21%         5    #####..
d - Lee's Rapid Deconstr  Erth           ####......   2%          5    #####..
e - Delayed Fireball      Conj/Fire      N/A          100%        7    #######
q - Stoneskin             Trmt/Erth      ###.....     1%          2    None
s - Stone Arrow           Conj/Erth      ####..       1%          3    None


Dungeon Overview and Level Annotations

Branches:
Dungeon (9/15)             Temple (1/1) D:7            Lair (1/8) D:8
    Orc: D:9-12

Altars:
Ashenzari
Cheibriados
Dithmenos
Elyvilon
Fedhas
Gozag
Kikubaaqudgha
Makhleb
Nemelex Xobeh
Okawaru
Qazlal
Ru
Sif Muna
Trog
Vehumet
Xom
Yredelemnul
Zin
The Shining One

Annotations:
D:5 1 runed door
Lair:1 Urug


Innate Abilities, Weirdness & Mutations

You are resistant to torment.
Your stone body is resilient (AC +7).
You are immune to poison.
You resist negative energy.
You are resistant to electric shocks.
You can survive without breathing.
You are immune to petrification.
You are immune to rotting.
Your large and strong wings let you fly indefinitely.
You have large cloven feet.
You have a pair of small horns on your head.
You are partially covered in rough black scales (AC +4, Dex -1).
Armour fits poorly on your strangely shaped body.
Your body sometimes deteriorates upon taking damage.
You are frail (-10% HP).
Your magical capacity is low (-10% MP).
Your muscles are strong. (Str +2)
Your spells are a little easier to cast, but a little less powerful.


Message History

Aiming: Stone Arrow
Press: ? - help, Shift-Dir - straight line, f/p - komodo dragon
Aim: a komodo dragon (moderately wounded)
The stone arrow hits the komodo dragon.
The komodo dragon is heavily wounded.
There is a staircase back to the Dungeon here.
You climb upwards.
Welcome back to the Dungeon!
There is a staircase to the Lair here.
You start resting.
All of the chunks of flesh in your inventory have rotted away.
You start resting.
Magic restored.
You climb downwards.
Welcome to the Lair of Beasts!
Urug the Orcish Ballista comes into view.
He is wielding a battleaxe.
Urug shouts!
The komodo dragon bites you!!
Urug throws a javelin.
The javelin hits you!!
* * * LOW HITPOINT WARNING * * *
Your body deteriorates!
You feel weakened. The komodo dragon bites you!
You die...

### #### ###P###
##..####.....####
#...............#
##.@l..........##
##.............#
##..............#
#..#...........##
#..##...[......#
#.###.........##
... ##........#
.o.# ##......##
###.# #.....##


You could see Urug and a komodo dragon.

Vanquished Creatures
  A spiny frog (D:9)
  A centaur skeleton (D:9)
  A two-headed ogre (D:9)
  2 yaks (D:8)
  A deep elf mage (D:9)
  3 hippogriffs
  Edmund (D:6)
  The ghost of Zwobot the Stinger, an average HaWn (D:3)
  2 water moccasins
  3 sky beasts
  An ice beast (D:8)
  A phantom (D:5)
  A black bear (D:7)
  7 ogres
  3 orc warriors
  3 centaurs
  A wasp (D:8)
  4 big kobolds
  3 giant frogs
  8 wights
  3 scorpions
  4 killer bees
  6 electric eels (D:8)
  7 hounds
  5 crimson imps
  2 giant frog zombies
  4 centaur zombies
  3 iguanas
  2 orc priests
  A jelly (D:6)
  11 worker ants
  Crazy Yiuf (D:4)
  A giant frog skeleton (D:4)
  A killer bee zombie (D:7)
  12 orc wizards
  2 hound skeletons
  A worker ant zombie (D:6)
  9 adders
  21 gnolls
  3 river rats
  4 shadow imps
  An ooze (D:6)
  2 worms
  26 orcs
  A ball python (D:6)
  20 bats
  A bat skeleton (D:4)
  8 giant cockroaches
  7 goblins
  17 hobgoblins
  18 jackals
  38 kobolds
  2 quokkas (D:7)
  3 giant geckos
  A giant gecko skeleton (D:4)
  7 giant newts
  18 rats
  A fungus (D:4)
322 creatures vanquished.

Vanquished Creatures (others)
  2 plants (D:3)
2 creatures vanquished.

Grand Total: 324 creatures vanquished

Notes
Turn   | Place    | Note
--------------------------------------------------------------
     0 | D:1      | Kisielow the Gargoyle Earth Elementalist began the quest for the Orb.
     0 | D:1      | Reached XP level 1. HP: 10/10 MP: 3/3
   522 | D:1      | Reached skill level 4 in Earth Magic
   598 | D:1      | Reached XP level 2. HP: 15/15 MP: 3/5
   623 | D:1      | Learned a level 2 spell: Stoneskin
  1499 | D:2      | Reached XP level 3. HP: 19/19 MP: 4/7
  1599 | D:2      | Learned a level 3 spell: Stone Arrow
  2010 | D:2      | Found an opulent altar of Gozag.
  2298 | D:2      | Reached XP level 4. HP: 21/24 MP: 2/8
  2532 | D:3      | Noticed Zwobot's ghost (average HaWn)
  2582 | D:3      | Killed Zwobot's ghost
  2582 | D:3      | Reached skill level 5 in Earth Magic
  2582 | D:3      | Reached XP level 5. HP: 22/28 MP: 2/11
  2704 | D:3      | Found a stormy altar of Qazlal.
  3064 | D:3      | Gained mutation: Your muscles are strong. (Str +2) [potion of mutation]
  3064 | D:3      | Gained mutation: Your spells are a little easier to cast, but a little less powerful. [potion of mutation]
  3064 | D:3      | Gained mutation: You have large cloven feet. [potion of mutation]
  3065 | D:3      | Gained mutation: You are dopey. (Int -2) [potion of mutation]
  3065 | D:3      | Gained mutation: You are frail (-10% HP). [potion of mutation]
  3065 | D:3      | Lost mutation: You are dopey. (Int -2) [potion of mutation]
  3530 | D:3      | Reached XP level 6. HP: 6/28 MP: 2/12
  3787 | D:3      | Reached skill level 1 in Conjurations
  4518 | D:3      | Upgraded the game from 0.17-a0-1181-gabc46e6 to 0.17-a0-1195-g0639cb0
  4566 | D:4      | Reached skill level 5 in Spellcasting
  4786 | D:4      | Reached XP level 7. HP: 32/32 MP: 13/15
  4799 | D:4      | Learned a level 5 spell: Lee's Rapid Deconstruction
  5427 | D:4      | Reached skill level 6 in Earth Magic
  5615 | D:4      | Found a snail-covered altar of Cheibriados.
  6197 | D:4      | Noticed Crazy Yiuf
  6206 | D:4      | Killed Crazy Yiuf
  6310 | D:5      | Entered Level 5 of the Dungeon
  6612 | D:5      | Reached XP level 8. HP: 30/36 MP: 3/17
  6785 | D:5      | Found a glowing golden altar of the Shining One.
  7135 | D:5      | Found a glowing silver altar of Zin.
  7136 | D:5      | Found a runed door.
  7136 | D:5      | Noticed an angel
  7201 | D:5      | Reached skill level 7 in Earth Magic
  8098 | D:5      | Found a shimmering altar of Xom.
  8098 | D:5      | Found a bloodstained altar of Trog.
  8221 | D:6      | Reached skill level 5 in Conjurations
  8372 | D:6      | Reached XP level 9. HP: 31/40 MP: 4/20
  8379 | D:6      | Found a glowing drain.
  8398 | Sewer    | Entered a sewer
  8727 | Sewer    | Found a white marble altar of Elyvilon.
  8864 | D:6      | Reached skill level 8 in Spellcasting
  8960 | D:6      | Found a shattered altar of Ashenzari.
  9149 | D:6      | Noticed Edmund
  9755 | D:6      | Killed Edmund
 10318 | D:7      | Reached skill level 1 in Maces & Flails
 10319 | D:7      | Reached skill level 1 in Evocations
 10502 | D:7      | Found a blossoming altar of Fedhas.
 10752 | D:7      | Reached skill level 1 in Fighting
 11484 | D:7      | Found a staircase to the Ecumenical Temple.
 11493 | Temple   | Entered the Ecumenical Temple
 11505 | Temple   | Became a worshipper of Vehumet
 12465 | D:8      | Reached XP level 10. HP: 47/47 MP: 11/22
 12469 | D:8      | Gained mutation: Your magical capacity is low (-10% MP). [mutagenic meat]
 12471 | D:8      | Gained mutation: You have a pair of small horns on your head. [mutagenic meat]
 12472 | D:8      | Gained mutation: Your body sometimes deteriorates upon taking damage. [mutagenic meat]
 13167 | D:8      | Acquired Vehumet's first power
 13167 | D:8      | Offered knowledge of Magic Dart by Vehumet.
 13428 | D:8      | Found a staircase to the Lair.
 13429 | D:8      | Noticed a spiny frog
 13462 | D:9      | HP: 2/48 [spiny frog (18)]
 13467 | D:9      | HP: 1/48 [spiny frog (18)]
 13472 | D:9      | Killed a spiny frog
 13686 | D:8      | Reached skill level 9 in Spellcasting
 14216 | D:8      | Gained mutation: Your large and strong wings let you fly indefinitely. [mutagenic meat]
 14217 | D:8      | Gained mutation: Armour fits poorly on your strangely shaped body. [mutagenic meat]
 14218 | D:8      | Gained mutation: You are partially covered in rough black scales (AC +4, Dex -1). [mutagenic meat]
 14474 | D:8      | Found a shadowy altar of Dithmenos.
 14508 | D:8      | Offered knowledge of Freeze by Vehumet.
 14865 | D:9      | Noticed a centaur zombie
 15503 | D:9      | Killed a centaur zombie
 15878 | D:9      | Reached XP level 11. HP: 52/54 MP: 6/22
 16028 | D:9      | Offered knowledge of Inner Flame by Vehumet.
 16033 | D:9      | Learned a level 3 spell: Inner Flame
 16039 | D:9      | Learned a level 5 spell: Fireball
 16047 | D:9      | Learned a level 7 spell: Delayed Fireball
 16154 | D:9      | Reached skill level 1 in Fire Magic
 16710 | Lair:1   | Entered Level 1 of the Lair of Beasts
 16911 | Lair:1   | Noticed Urug
 16911 | Lair:1   | Slain by a komodo dragon

Vault maps used:
D:1:      minmay_arrival_up_and_down
D:2:      grunt_gozag_statues, corexii_shack
D:3:      nicolae_overflow_crystal_walls, first_bread, serial_forest,
          infiniplex_forest_end_1, infiniplex_forest_pool,
          infiniplex_forest_split, infiniplex_forest_lined_1,
          infiniplex_forest_clump_diagonal, infiniplex_forest_lined_1,
          infiniplex_forest_clump_long
D:4:      cheibriados_altar_1, minmay_misc_feat_doors, uniq_crazy_yiuf_cottage
D:5:      lemuel_round_altar, gammafunk_temple_overflow_elements,
          lemuel_angel_altar
D:6:      kennysheep_little_box, portal_sewer_entry_a, uniq_edmund
D:7:      minmay_temple_entry_trees, basic_altar
D:8:      wad_lake_hut, dpeg_lair_monsters, basic_altar
Temple:   eino_temple_water_12
Lair:1:   beast_lair_carwin_9, uniq_gastronok, uniq_urug
Sewer:    sewer_kobolds

Action                   |  1- 3 |  4- 6 |  7- 9 | 10-12 || total
-------------------------+-------+-------+-------+-------++-------
Melee: Dagger            |     1 |       |       |       ||     1
       Club              |     6 |       |       |       ||     6
       Flail             |       |     3 |    57 |    46 ||   106
 Cast: Sandblast         |    90 |    89 |   235 |   119 ||   533
       Stoneskin         |       |     1 |       |     6 ||     7
       Stone Arrow       |       |    12 |   138 |   132 ||   282
       Lee's Rapid Decon |       |       |    13 |    16 ||    29
       Inner Flame       |       |       |       |     1 ||     1
  Use: Scroll            |       |    12 |     6 |     6 ||    24
       Potion            |       |     3 |     3 |     3 ||     9
  Eat: Chunk             |     9 |    18 |    30 |    24 ||    81
